Map: [ESL] Moondance

Players

Dark - Winner!

  • Race: Zerg Zerg
  • Spawn Location: 6:00

SpeCial

  • Race: Terran Terran
  • Spawn Location: 12:00

Event: DreamHack SC2 Masters 2022 Valencia

VOD

Have the link to the VOD?

Description

Time

  • Played on: July 1, 2022, 1:29 p.m.
  • Length: 10:26

All games in this series

Show
View Real Time Build Order
Export as new Build Order

Dark Zerg - Winner!

Build Orders: Pool First 

Get SALT Encoding   

  12  0:00  Drone  
  13  0:12  Overlord  
  13  0:16  Drone  
  14  0:30  Drone x2  
  16  0:40  Spawning Pool  
  15  0:43  Drone  
  15  0:47  Drone  
  17  0:55  Drone  
  18  1:10  Hatchery  
  17  1:27  Zergling x4  
  17  1:28  Zergling x2  
  17  1:30  Queen  
  22  1:44  Extractor  
  21  1:50  Overlord  
  21  1:59  Drone  
  22  2:07  Queen  
  24  2:09  Drone  
  25  2:23  Queen  
  25  2:24  Drone  
  25  2:27  Drone x2  
  30  2:32  Drone  
  31  2:37  Drone  
  31  2:43  Drone x2, Overlord  
  34  2:46  Queen  
  34  2:51  Metabolic Boost  
  34  3:10  Drone x2  
  34  3:12  Drone x4  
  38  3:17  Drone  
  38  3:19  Drone  
  41  3:20  Drone  
  41  3:25  Drone  
  42  3:30  Drone  
  43  3:34  Overlord  
  43  3:42  Hatchery  
  43  3:45  Drone  
  43  3:52  Overlord  
  43  3:54  Drone  
  44  3:57  Drone x5  
  44  4:01  Drone  
  50  4:07  Overlord  
  50  4:10  Queen  
  50  4:13  Queen  
  50  4:16  Drone x2  
  56  4:17  Drone  
  56  4:19  Drone  
  58  4:24  Baneling Nest  
  58  4:27  Drone x3  
  60  4:31  Drone  
  60  4:32  Zergling x4  
  60  4:35  Evolution Chamber, Zergling x2  
  63  4:42  Extractor  
  63  4:43  Drone x2  
  65  4:47  Overlord  
  65  4:49  Drone x2  
  67  4:53  Overlord  
  67  4:54  Drone  
  67  4:58  Extractor  
  67  4:59  Lair  
  67  5:01  Queen  
  67  5:05  Queen  
  67  5:06  Drone  
  72  5:08  Zergling x2  
  72  5:09  Zergling x2  
  72  5:11  Zergling x4  
  72  5:12  Zergling x2  
  72  5:13  Drone  
  78  5:15  Extractor  
  78  5:16  Baneling x3  
  78  5:18  Drone x2  
  79  5:21  Zergling x4  
  79  5:23  Drone  
  79  5:25  Drone  
  79  5:26  Evolution Chamber  
  79  5:27  Drone, Extractor  
  82  5:34  Drone x3  
  84  5:36  Drone  
  84  5:40  Hatchery  
  84  5:45  Zergling x10  
  89  5:52  Baneling x3  
  89  5:58  Zergling x2  
  89  5:59  Overlord x2  
  90  6:04  Overlord  
  90  6:06  Zerg Melee Weapons Level 1  
  90  6:08  Zerg Ground Armor Level 1  
  90  6:11  Hatchery  
  90  6:17  Overlord  
  89  6:19  Zergling x14  
  96  6:25  Zergling x10  
  96  6:30  Zergling x4  
  102  6:36  Zergling x4  
  102  6:37  Zergling x6  
  107  6:41  Roach Warren  
  107  6:42  Baneling x2  
  107  6:43  Zergling x4  
  108  6:49  Zergling x8  
  108  6:56  Zergling x12  
  105  7:02  Baneling x7  
  105  7:04  Zergling x10  
  108  7:09  Zergling x2  
  108  7:10  Zergling x2  
  108  7:11  Baneling  
  108  7:12  Baneling  
  109  7:18  Overlord  
  108  7:23  Roach x7  
  108  7:25  Zergling x4  
  124  7:31  Zergling x6  
  124  7:33  Zergling x2  
  126  7:40  Zergling x6  
  126  7:41  Zergling x2  
  126  7:43  Baneling  
  126  7:44  Baneling  
  130  7:45  Ravager  
  130  7:47  Ravager  
  130  7:49  Ravager x2  
  134  7:52  Overlord x3  
  134  7:53  Overlord  
  134  7:55  Baneling Nest, Overlord  
  134  7:58  Overlord x2  
  125  8:01  Zergling x4  
  121  8:10  Roach  
  121  8:11  Roach x4  
  121  8:12  Roach  
  92  8:25  Roach x6  
  92  8:26  Roach  
  101  8:28  Zergling x4  
  101  8:32  Glial Reconstitution  
  103  8:35  Drone  
  103  8:38  Zergling x4  
  103  8:40  Ravager  
  103  8:41  Zergling x4  
  109  8:42  Zergling x2  
  109  8:45  Centrifugal Hooks  
  110  8:53  Zergling x10  
  115  9:03  Zergling x4  
  115  9:07  Zergling x2  
  115  9:08  Zergling x6  
  121  9:11  Zergling x6  
  121  9:16  Baneling x6  
  124  9:20  Drone x3  
  127  9:24  Zergling x2  
  127  9:25  Zergling x4  
  130  9:32  Drone x3  
  130  9:37  Zergling x16  
  137  9:40  Ravager x3  
  137  9:44  Zergling x10  
  145  9:47  Zergling x2  
  145  9:48  Zergling x2  
  145  9:50  Baneling x5  
  146  9:56  Zergling x12  
  145  10:02  Zergling x10  
  148  10:10  Baneling x8  
  148  10:11  Baneling  
Show
View Real Time Build Order
Export as new Build Order

SpeCial Terran 

Build Orders:  

Get SALT Encoding   

  12  0:00  SCV  
  13  0:12  SCV  
  14  0:18  Supply Depot  
  14  0:24  SCV  
  15  0:40  SCV  
  15  0:42  Barracks  
  16  0:45  Refinery  
  16  0:52  SCV  
  17  1:01  Barracks  
  17  1:04  SCV  
  18  1:16  SCV  
  19  1:29  Orbital Command, Reaper  
  20  1:49  Reaper  
  20  1:50  Supply Depot  
  21  1:55  SCV  
  22  2:05  Reaper  
  23  2:11  Command Center  
  23  2:12  SCV  
  24  2:20  Barracks  
  24  2:22  Marine  
  24  2:26  SCV  
  26  2:37  Marine  
  26  2:38  SCV  
  26  2:42  Refinery  
  28  2:45  Barracks Tech Lab  
  28  2:50  SCV  
  29  2:55  Barracks Reactor  
  29  2:58  Supply Depot  
  29  3:02  SCV  
  29  3:07  Marine  
  29  3:09  Stimpack  
  29  3:14  SCV, Marine  
  31  3:25  Orbital Command, Marine  
  31  3:26  SCV  
  33  3:32  Factory, Marine  
  33  3:33  Marine x2  
  36  3:40  SCV  
  37  3:43  Marine  
  38  3:50  Marine  
  38  3:51  Marine  
  40  3:55  SCV  
  40  3:56  Marine  
  40  3:58  SCV  
  40  4:01  Marine  
  44  4:07  SCV, Supply Depot  
  44  4:08  Marine  
  46  4:10  SCV  
  46  4:13  Engineering Bay  
  46  4:16  Marine x2  
  49  4:20  SCV  
  49  4:21  Starport  
  49  4:23  Factory Reactor  
  50  4:24  SCV  
  51  4:32  SCV, Marine  
  51  4:33  Refinery  
  51  4:35  Marine  
  51  4:36  SCV  
  55  4:44  SCV  
  55  4:45  Terran Infantry Weapons Level 1  
  55  4:48  SCV  
  55  4:50  Supply Depot  
  55  4:51  Combat Shield  
  56  4:53  Barracks Reactor  
  56  4:56  SCV  
  57  5:00  SCV  
  57  5:04  Refinery  
  57  5:05  Marine x3  
  61  5:08  SCV  
  61  5:11  Medivac  
  61  5:12  Supply Depot  
  61  5:14  Medivac  
  66  5:18  Factory Tech Lab  
  66  5:19  SCV  
  66  5:20  SCV  
  68  5:23  Supply Depot, Marine  
  68  5:24  Marine  
  70  5:32  Barracks  
  70  5:33  Barracks, Marine  
  71  5:36  Marine x2  
  71  5:40  Supply Depot  
  71  5:41  Marine x2  
  75  5:43  Siege Tank  
  75  5:46  SCV x2  
  80  5:51  Marine  
  80  5:53  Medivac  
  80  5:54  Marine  
  80  5:55  Medivac  
  86  5:59  Supply Depot  
  86  6:02  SCV x2  
  88  6:05  Supply Depot  
  88  6:07  Marine  
  88  6:08  Marine  
  88  6:09  Marine  
  91  6:16  Marine x2  
  93  6:23  Siege Tank  
  96  6:26  Marine x2  
  96  6:28  Marine  
  96  6:29  Supply Depot  
  96  6:31  Marine x2  
  101  6:34  Marine  
  101  6:36  Liberator  
  105  6:41  Liberator  
  108  6:50  Marine x2  
  108  6:51  Marine x2  
  107  6:59  Marine  
  103  7:03  Marine  
  103  7:04  Marine  
  103  7:08  Marine x2  
  104  7:09  Marine x2  
  104  7:14  SCV x2  
  108  7:17  Marine  
  108  7:20  Marine  
  108  7:22  Marine  
  110  7:26  Marine x3  
  110  7:27  Marine  
  115  7:35  Marine  
  111  7:38  Marine  
  111  7:40  Marine  
  111  7:43  Marine  
  111  7:44  Marine x2  
  115  7:45  Marine  
  115  7:49  SCV  
  118  7:56  Marine x2  
  118  8:04  Supply Depot x2, Marine  
  118  8:05  Marine x3  
  118  8:06  Marine  
  118  8:10  Siege Tank  
  93  8:14  Marine x2  
  78  8:21  Marine  
  78  8:22  Marine  
  78  8:23  Marine x2  
  78  8:24  Marine  
  67  8:32  Marine x2  
  67  8:33  Medivac  
  69  8:36  Medivac  
  69  8:39  Marine  
  69  8:40  Marine x2  
  74  8:41  Marine  
  74  8:42  Marine  
  74  8:46  Siege Tank  
  79  8:50  Marine x2  
  81  8:57  Marine  
  81  8:58  Marine x2  
  81  8:59  Marine  
  81  9:00  Marine  
  86  9:05  Medivac  
  86  9:06  Medivac  
  86  9:07  Marine  
  86  9:08  Marine  
  92  9:15  Marine  
  92  9:16  Marine x2  
  95  9:17  Marine x2  
  97  9:25  Siege Tank, Marine x2  
  102  9:33  Marine  
  102  9:34  Marine x2  
  102  9:35  Marine x2  
  102  9:43  Marine x2  
  104  9:51  Marine  
  104  9:52  Marine x3  
  113  9:53  Marine  
  112  10:01  Marine x2  

Tags
 
Add a new tag
Caveats
  • Supply blocks, unpowered buildings, or Contaminate may cause inaccurate times.
  • Supply counts are checked every 10 seconds.